Map: 2000 Atmospheres LE

Players

A.I. 1 (Elite)

  • Race: Protoss Protoss

onYourOwn - Winner!

  • Race: Protoss Protoss
  • League: Diamond

VOD

Have the link to the VOD?

Description

Time

  • Played on: Sept. 6, 2021, 11:27 a.m.
  • Length: 9:22
Show
View Real Time Build Order
Export as new Build Order

A.I. 1 (Elite) Protoss 

Build Orders: 1 Gate Expand, Zealot Archon 

Get SALT Encoding   

  12  0:00  Probe  
  13  0:13  Probe  
  14  0:19  Pylon  
  14  0:25  Probe  
  15  0:33  Probe  
  15  0:41  Probe  
  17  0:50  Gateway  
  17  0:51  Probe  
  18  1:00  Probe  
  19  1:08  Probe  
  19  1:10  Assimilator  
  19  1:13  Pylon  
  20  1:33  Nexus  
  20  1:41  Cybernetics Core  
  20  1:43  Probe  
  21  1:47  Zealot  
  23  2:03  Gateway  
  23  2:04  Probe  
  24  2:14  Warp Gate  
  24  2:15  Pylon  
  24  2:16  Probe  
  24  2:18  Zealot  
  27  2:28  Probe  
  28  2:36  Assimilator  
  28  2:40  Probe  
  29  2:45  Adept, Probe  
  32  2:52  Adept  
  32  2:57  Probe  
  35  3:02  Probe  
  35  3:03  Pylon  
  36  3:15  Adept  
  38  3:20  Probe  
  38  3:21  Probe  
  38  3:22  Sentry  
  42  3:32  Probe  
  42  3:33  Probe  
  44  3:37  Robotics Facility  
  44  3:44  Probe  
  44  3:45  Stalker, Probe  
  44  3:48  Adept  
  50  3:56  Probe  
  50  3:57  Probe  
  52  4:04  Pylon  
  52  4:06  Probe  
  52  4:09  Probe  
  54  4:14  Probe  
  54  4:21  Probe  
  54  4:22  Adept, Probe  
  58  4:26  Pylon, Stalker  
  58  4:27  Immortal  
  65  4:33  Probe  
  65  4:35  Probe  
  67  4:42  Robotics Facility  
  67  4:43  Stalker, Probe  
  69  4:49  Stalker  
  72  4:53  Probe  
  72  4:56  Probe  
  72  4:57  Immortal  
  74  5:03  Pylon  
  74  5:05  Pylon  
  78  5:20  Stalker  
  78  5:21  Probe x2  
  82  5:25  Assimilator  
  82  5:37  Twilight Council  
  82  5:41  Gateway  
  82  5:42  Assimilator  
  82  5:46  Pylon  
  82  5:47  Probe  
  82  5:49  Probe  
  84  5:51  Zealot  
  86  6:00  Probe  
  86  6:05  Probe  
  86  6:10  Pylon  
  88  6:12  Nexus  
  88  6:15  Templar Archives  
  88  6:24  Forge  
  88  6:28  Forge  
  88  6:38  Pylon, Stalker  
  90  6:43  Stalker  
  92  6:47  Stalker  
  92  6:49  Pylon  
  92  6:54  Protoss Ground Weapons Level 1  
  94  6:59  Photon Cannon  
  94  7:01  Sentry  
  94  7:03  High Templar  
  94  7:05  Photon Cannon  
  94  7:07  High Templar, Photon Cannon  
  100  7:13  Archon  
  100  7:16  Gateway  
  100  7:24  High Templar  
  100  7:25  Probe x3  
  100  7:28  Zealot  
  107  7:32  Assimilator  
  107  7:34  Pylon  
  107  7:36  High Templar  
  107  7:37  Probe  
  110  7:38  Assimilator, Probe x2  
  110  7:43  Observer  
  113  7:47  Photon Cannon  
  113  7:48  Zealot x2  
  113  7:49  Probe  
  113  7:50  Probe x2  
  111  8:01  Probe  
  111  8:02  Probe x2  
  111  8:03  Stalker  
  111  8:04  Assimilator, Archon  
  112  8:08  Stalker, Zealot  
  112  8:10  Zealot  
  104  8:13  Probe  
  104  8:14  Probe  
  104  8:15  Probe  
  104  8:18  Photon Cannon  
  104  8:19  High Templar  
  89  8:25  Probe  
  81  8:29  Zealot  
  81  8:30  Zealot  
  81  8:31  Probe x2, High Templar  
  73  8:37  Probe  
  66  8:43  Probe  
  57  8:49  Stalker, Probe, High Templar  
  57  8:50  Zealot  
  57  8:55  Probe  
  48  9:04  Adept  
  24  9:10  Nexus  
  24  9:11  Zealot  
  24  9:12  Assimilator  
Show
View Real Time Build Order
Export as new Build Order

onYourOwn Protoss - Winner!

Build Orders: Blink Stalkers 

Get SALT Encoding   

  12  0:00  Probe  
  13  0:13  Probe  
  14  0:19  Pylon  
  14  0:25  Probe (Chrono Boost)  
  15  0:38  Probe (Chrono Boost), Gateway  
  16  0:46  Probe (Chrono Boost)  
  16  0:47  Assimilator  
  17  0:53  Probe  
  17  0:55  Assimilator  
  18  1:05  Probe (Chrono Boost)  
  18  1:09  Gateway  
  19  1:17  Probe (Chrono Boost)  
  20  1:25  Probe (Chrono Boost)  
  21  1:27  Cybernetics Core  
  21  1:32  Probe  
  21  1:35  Pylon  
  22  1:45  Probe  
  23  1:57  Probe  
  24  2:03  Stalker x2  
  24  2:05  Warp Gate  
  28  2:21  Pylon  
  28  2:34  Nexus  
  28  2:42  Sentry x2  
  32  2:45  Probe  
  33  2:58  Probe  
  34  3:02  Forge  
  34  3:07  Twilight Council  
  34  3:10  Probe  
  37  3:12  Sentry  
  37  3:22  Probe  
  37  3:25  Protoss Ground Weapons Level 1 (Chrono Boost)  
  38  3:30  Shield Battery  
  38  3:34  Probe (Chrono Boost)  
  39  3:46  Probe (Chrono Boost)  
  39  3:47  Blink (Chrono Boost)  
  40  3:55  Probe (Chrono Boost)  
  42  3:58  Probe (Chrono Boost)  
  42  4:04  Probe (Chrono Boost)  
  42  4:07  Probe (Chrono Boost)  
  42  4:09  Probe (Chrono Boost)  
  44  4:12  Pylon  
  45  4:18  Probe  
  45  4:21  Probe  
  47  4:25  Nexus  
  47  4:29  Pylon  
  47  4:31  Probe  
  48  4:40  Probe  
  48  4:41  Stalker  
  48  4:43  Probe  
  48  4:44  Stalker  
  54  4:51  Assimilator  
  54  4:52  Probe  
  55  4:59  Gateway  
  55  5:00  Gateway  
  55  5:03  Gateway  
  55  5:04  Probe  
  55  5:05  Probe  
  57  5:11  Stalker  
  59  5:16  Probe  
  59  5:18  Probe  
  61  5:24  Charge  
  61  5:26  Protoss Ground Weapons Level 2 (Chrono Boost)  
  61  5:28  Probe  
  61  5:31  Probe  
  61  5:33  Robotics Facility  
  63  5:39  Stalker x2  
  63  5:41  Probe x2  
  69  5:44  Probe  
  69  5:47  Shield Battery  
  70  5:56  Probe  
  70  5:57  Probe  
  72  6:01  Zealot x4  
  72  6:04  Zealot  
  82  6:13  Probe x3  
  82  6:18  Pylon  
  85  6:19  Pylon  
  85  6:23  Photon Cannon  
  85  6:29  Pylon  
  85  6:30  Pylon  
  85  6:32  Gateway  
  85  6:34  Gateway  
  85  6:36  Observer (Chrono Boost), Probe  
  85  6:38  Zealot  
  89  6:46  Stalker x2  
  93  6:51  Warp Prism (Chrono Boost)  
  95  6:58  Gateway  
  95  7:04  Dark Shrine  
  95  7:06  Probe x2  
  95  7:07  Pylon  
  97  7:10  Gateway  
  97  7:12  Gateway  
  97  7:16  Zealot x4  
  97  7:20  Immortal  
  109  7:34  Pylon x3  
  109  7:36  Pylon  
  109  7:38  Zealot x6  
  111  8:00  Zealot x7  
  109  8:13  Zealot x2  
  103  8:20  Zealot x7  
  109  8:39  Dark Templar x2  
  111  8:49  Zealot x3  
  111  8:50  Zealot x4  
Tags
 
Add a new tag
Caveats
  • Supply blocks, unpowered buildings, or Contaminate may cause inaccurate times.
  • Supply counts are checked every 10 seconds.